 Seeded DCSS version 0.28.0-45-g0d030f2227 (webtiles) character file.

Game seed: 14447413411792647702 (custom seed)

102 zeratav the Chopper (level 4, 0/39 HPs)
             Began as a Hill Orc Fighter on Apr 20, 2022.
             Slain by a water moccasin zombie (6 damage)
             ... on level 5 of the Dungeon.
             The game lasted 00:02:06 (2860 turns).

zeratav the Chopper (Hill Orc Fighter)              Turns: 2860, Time: 00:02:06

Health: 0/39       AC:  6    Str: 20    XL:     4   Next: 77%
Magic:  4/4        EV:  9    Int:  8    God:
Gold:   118        SH:  4    Dex: 10    Spells: 3/3 levels left

rFire   . . .      SeeInvis .   a - +0 war axe {axe}
rCold   . . .      Faith    .   c - +0 buckler
rNeg    + . .      Spirit   .   b - +0 scale mail
rPois   .          Reflect  .   (no helmet)
rElec   .          Harm     .   (no cloak)
rCorr   .          Rampage  .   (no gloves)
Will    .....                   (no boots)
Stlth   ..........              (no amulet)
HPRegen 0.13/turn               g - ring of positive energy
MPRegen 0.09/turn               (no ring)

@: lethally poisoned (0 -> -5)
A: no striking features
a: no special abilities


You were on level 5 of the Dungeon.
You visited 1 branch of the dungeon, and saw 5 of its levels.

You collected 118 gold pieces.


   Skills:
 - Level 3.6 Fighting
 + Level 6.4 Axes
 - Level 3.2 Armour
 - Level 3.2 Shields


You had 3 spell levels left.
You didn't know any spells.
Your spell library contained the following spells:

 Spells                   Type           Power      Damage    Failure   Level
 Animate Skeleton         Necr           0%         N/A       85%         1
 Apportation              Tloc           0%         N/A       85%         1
 Foxfire                  Conj/Fire      0%         2x1d4     85%         1
 Summon Small Mammal      Summ           0%         N/A       85%         1

Inventory:

Hand Weapons
 a - a +0 war axe (weapon) {axe}
Armour
 b - a +0 scale mail (worn)
 c - a +0 buckler (worn)
Jewellery
 g - a ring of positive energy (left hand)
   (You found it on level 1 of the Dungeon)
 p - a ring of fire
   (You took it off an orc on level 3 of the Dungeon)
Scrolls
 e - a scroll of enchant weapon {unknown}
 i - a scroll of brand weapon {unknown}
 j - a scroll of blinking {unknown}
 k - a scroll of teleportation {unknown}
 l - a scroll of vulnerability {unknown}
 o - a scroll of enchant armour {unknown}
 q - 2 scrolls of identify {unknown}
 r - a scroll of noise {unknown}
Potions
 d - 2 potions of might
 f - a potion of resistance {unknown}
 h - a potion of brilliance {unknown}
 m - a potion of heal wounds {unknown}
 n - a potion of curing {unknown}

Dungeon Overview and Level Annotations

Branches:
Dungeon (5/15)
 Temple: D:4-7

Altars:
Dithmenos
Xom

.# .##
######### ...
#.......#..###
#.......#.....
#........[.#
#..........##
#....Z@.....#
#.......#.###
#.......#
#.......#
######+##


You could see a water moccasin zombie.


Message History

A gnoll comes into view. It is wielding a +0 club.
A ball python comes into view.
The gnoll shouts!
You hear a shout! x2
The orc is engulfed in noxious fumes.
The orc appears confused.
A black bear comes into view.
You closely miss the adder. The adder misses you.
The orc hits the gnoll with a +0 whip.
The adder barely misses you.
You slash the adder! The adder bites you. The adder barely misses you.
HP[-1]
You take 1 damage, and now have 38/39 hp.
You miss the adder. You block the adder's attack.
The orc is engulfed in noxious fumes.
The orc appears confused.
The orc barely misses the adder skeleton.
You closely miss the adder. The adder closely misses you.
The orc is engulfed in noxious fumes.
The orc appears confused.
The orc says, "I'm a little confused."
You block the adder's attack.
An orc comes into view. It is wielding a +0 club.
You barely miss the adder.
The orc shouts!
The orc barely misses the gnoll.
The orc hits itself with a +0 whip.
The adder bites you.
HP[-4]
You take 4 damage, and now have 34/39 hp.
You barely miss the adder. You hit the ball python.
You kill the ball python!
The adder bites you.
The orc hits the black bear with a +0 whip.
An orc wizard comes into view. It is wielding a +0 dagger.
HP[-3]
You take 3 damage, and now have 31/39 hp.
The orc wizard shouts!
You slash the adder!
You kill the adder!
You miss the kobold.
The kobold hits you with a +0 short sword.
An orc comes into view. It is wielding a +0 war axe.
The orc wizard mumbles some strange words.
The orc wizard flickers and vanishes!
Deactivating autopickup; reactivate with Ctrl-A.
You miss the kobold. The kobold hits you but does no damage.
The orc is engulfed in noxious fumes.
The orc appears confused.
The kobold closely misses you.
You hit the kobold. The kobold closely misses you.
An orc comes into view. It is wielding a +0 war axe.
You completely miss the kobold. The kobold barely misses you.
You barely miss the kobold.
The kobold hits you with a +0 short sword.
The orc is engulfed in noxious fumes.
The orc appears confused.
HP[-4]
You take 4 damage, and now have 27/39 hp.
You are too injured to fight recklessly!
You are too injured to fight recklessly!
The kobold throws a poisoned dart.
The poisoned dart hits you.
You are poisoned.
You feel sick.
HP[-1]
You take 1 damage, and now have 26/39 hp.
You feel sick.
You hear a splashing noise.
HP[-1]
You take 1 damage, and now have 25/39 hp.
You feel sick.
The kobold throws a poisoned dart.
The poisoned dart hits you!
You are more poisoned.
HP[-1]
You take 1 damage, and now have 24/39 hp.
You feel sick.
The kobold throws a poisoned dart.
The poisoned dart barely misses you.
You see here a quokka corpse.
HP[-2]
You take 2 damage, and now have 22/39 hp.
You feel sick.
HP[-2]
You take 2 damage, and now have 20/39 hp.
You feel sick.
The kobold throws a poisoned dart.
The poisoned dart hits you!
You are more poisoned.
There is a stone staircase leading down here.
HP[-2]
You take 2 damage, and now have 18/39 hp.
* * * LOW HITPOINT WARNING * * *
You feel very sick.
You climb downwards.
Reactivating autopickup.
* * * LOW HITPOINT WARNING * * *
You feel sick.
There is a stone staircase leading up here.
HP[-6]
You take 6 damage, and now have 12/39 hp.
* * * LOW HITPOINT WARNING * * *
You feel very sick.
HP[-2]
You take 2 damage, and now have 10/39 hp.
* * * LOW HITPOINT WARNING * * *
You feel sick.
HP[-2]
You take 2 damage, and now have 8/39 hp.
You hit the water moccasin zombie.
* * * LOW HITPOINT WARNING * * *
You feel sick. The water moccasin zombie bites you.
You die...

Skill      XL: |  1  2  3  4 |
---------------+-------------+-----
Axes           | 3 4 5 6 |  6.4
Fighting       | |  3.6
Armour         | |  3.2
Shields        | |  3.2

Action                   |  1- 3 |  4- 6 || total
-------------------------+-------+-------++-------
Melee: War axe           |    56 |    55 ||   111
Armor: Scale mail        |    16 |    20 ||    36
Dodge: Dodged            |    26 |    21 ||    47
Block: Buckler           |    13 |    14 ||    27

Levels and vault maps discovered:
D:1:      dpeg_arrival_houses_and_road, layout_loops_ring, minmay_tromino_v4_a
D:2:      layout_loops_corners, shapermc_ecumenical_altar_rom_forum, st_stairs_8
D:3:      layout_basic, amcnicky_altar_gilded
D:4:      layout_rooms, xom_confusion_cloud, serial_shops, nicolae_shop_crystal
D:5:      layout_basic, lemuel_doored_altar, uniq_duvessa

Notes
Turn   | Place    | Note
-------+----------+-------------------------------------------
     0 | D:1      | zeratav the Hill Orc Fighter began the quest for the Orb.
     0 | D:1      | Reached XP level 1. HP: 19/19 MP: 1/1
     0 | D:1      | magus.rc [v1.9.6]
    50 | D:1      | Reached skill level 3 in Axes
   140 | D:1      | Reached XP level 2. HP: 21/26 MP: 2/2
   373 | D:1      | Reached skill level 4 in Axes
  1019 | D:2      | Found a faded altar of an unknown god.
  1022 | D:2      | Got Plato's Collected Works on Fire
  1148 | D:2      | Reached XP level 3. HP: 28/31 MP: 3/3
  1506 | D:2      | Reached skill level 5 in Axes
  1773 | D:3      | Reached XP level 4. HP: 33/39 MP: 4/4
  1999 | D:3      | Found a shadowy altar of Dithmenos.
  2069 | D:3      | You pick up a book of Cantrips and begin reading...
  2069 | D:3      | You add the spells Animate Skeleton, Summon Small Mammal
                  | and Apportation to your library.
  2255 | D:3      | Reached skill level 6 in Axes
  2836 | D:4      | Found a shimmering altar of Xom.
  2837 | D:4      | Noticed a black bear
  2857 | D:5      | Entered Level 5 of the Dungeon
  2859 | D:5      | HP: 8/39 [poisoned by a kobold]
  2860 | D:5      | Slain by a water moccasin zombie

Vanquished Creatures
  An iguana (D:3)
  3 adders
  A worm (D:2)
  2 dart slugs
  An orc (D:3)
  9 endoplasms
  A giant cockroach (D:2)
  2 hobgoblins (D:1)
  2 quokkas
  6 ball pythons
  6 bats
  3 goblins
  A kobold (D:1)
  3 rats
41 creatures vanquished.

Vanquished Creatures (others)
  A fungus (D:2)
1 creature vanquished.

Grand Total: 42 creatures vanquished

Table legend:
 A = Non-vault XP
 B = Vault XP
 C = Vault XP percentage of total XP
 D = Non-vault monster count
 E = Vault monster count
 F = Vault count percentage of total count
                 A         B        C        D         E       F
            +---------+---------+-------+---------+---------+-------
      Total |     110 |      36 |  24.7 |      35 |       6 |  14.6
            +---------+---------+-------+---------+---------+-------
        D:1 |      20 |       4 |  16.7 |      12 |       2 |  14.3
        D:2 |      16 |      17 |  51.5 |       8 |       2 |  20.0
        D:3 |      70 |       0 |   0.0 |      13 |       0 |   0.0
        D:4 |       4 |      15 |  78.9 |       2 |       2 |  50.0
            +---------+---------+-------+---------+---------+-------

Illustrated notes

Table legend:
 A = Kills in this place as a percentage of kills in entire the game.
 B = Kills by you in this place as a percentage of kills by you in the entire game.
 C = Kills by friends in this place as a percentage of kills by friends in the entire game.
 D = Other kills in this place as a percentage of other kills in the entire game.
 E = Experience gained in this place as a percentage of experience gained in the entire game.
 F = Experience gained in this place divided by the number of levels of this place that you have seen.
                   A       B       C       D       E      F
               +-------+-------+-------+-------+-------+----------------------
         Total | 100.0 | 100.0 |   N/A |   N/A | 100.0 |  29.2
       Dungeon | 100.0 | 100.0 |   N/A |   N/A | 100.0 |  29.2
               +-------+-------+-------+-------+-------+----------------------

Table legend: (Time is in decaauts)
 A = Elapsed time spent in this place.
 B = Non-inter-level travel time spent in this place.
 C = Inter-level travel time spent in this place.
 D = Time resting spent in this place.
 E = Time spent auto-exploring this place.
 F = Levels seen in this place.
 G = Mean time per level.
                   A        B        C        D        E       F      G
               +--------+--------+--------+--------+--------+-----+--------+
         Total |   2889 |   2791 |     98 |      0 |   2481 |   5 |  577.8 |
       Dungeon |   2889 |   2791 |     98 |      0 |   2481 |   5 |  577.8 |
               +--------+--------+--------+--------+--------+-----+--------+

Top non-repeatable levels by time:
     D:3: 1082 daAuts
     D:2: 929 daAuts
     D:1: 826 daAuts
     D:4: 47 daAuts
     D:5: 2 daAuts
